 Dungeon Crawl Stone Soup version 0.31.0-32-g396128a36d (webtiles) character file.

Game seed: 7069354867451286274

3676 imdaedric the Blocker (level 10, -2/82 HPs)
             Began as a Formicid Fighter on Apr 22, 2024.
             Was a Believer of Makhleb.
             Succumbed to a killer bee's poison
             ... on level 8 of the Dungeon.
             The game lasted 00:12:12 (7419 turns).

imdaedric the Blocker (Formicid Fighter)            Turns: 7419, Time: 00:12:13

Health: -2/82      AC: 14    Str: 25    XL:     10   Next: 34%
Magic:  10/10      EV: 12    Int:  8    God:    Makhleb [**....]
Gold:   360        SH:  6    Dex: 13    Spells: 9/9 levels left

rFire   . . .        w - +0 halberd
rCold   . . .        c - +0 buckler
rNeg    . . .        t - +1 plate armour
rPois   .            (helmet unavailable)
rElec   .            (no cloak)
rCorr   .            (no gloves)
SInv    +            (no boots)
Will    +....        (no amulet) Stlth
                     k - +5 ring of evasion
HPRegen 0.33/turn    (no ring)
MPRegen 0.12/turn

%: no passive effects
@: mighty, lethally poisoned (-2 -> -14)
A: permanent stasis, dig shafts and tunnels, antennae 3, four strong arms
a: Dig, Shaft Self, Renounce Religion, Minor Destruction


You were on level 8 of the Dungeon.
You worshipped Makhleb.
Makhleb was pleased with you.
You visited 2 branches of the dungeon, and saw 9 of its levels.

You collected 360 gold pieces.

Inventory:

Hand Weapons
 a - a +1 trident
 w - a +0 halberd (weapon)
Missiles
 v - a throwing net
Armour
 b - a +0 scale mail
 c - a +0 buckler (worn)
 t - a +1 plate armour (worn)
Jewellery
 k - a +5 ring of evasion (left hand)
Wands
 y - a wand of roots (6)
 A - a wand of quicksilver (7)
Scrolls
 g - a scroll of revelation
 i - a scroll of fear
 o - a scroll of enchant weapon
 p - a scroll of poison
 s - a scroll of silence
 u - a scroll of vulnerability
Potions
 e - a potion of resistance
 f - a potion of enlightenment
 h - a potion of mutation {unknown}
 j - a potion of attraction {unknown}
 l - a potion of cancellation {unknown}
 q - 2 potions of brilliance
 r - a potion of ambrosia {unknown}
 x - a potion of heal wounds {unknown}
 z - a potion of magic {unknown}
Miscellaneous
 n - a tin of tremorstones (2/2)


   Skills:
 + Level 8.5 Fighting
 + Level 7.4 Polearms
 + Level 8.4 Armour
 + Level 10.2 Shields


You had 9 spell levels left.
You didn't know any spells.
Your spell library contained the following spells:

 Spells                   Type           Power      Damage    Failure   Level
 Kiss of Death            Conj/Necr      0%         2d5       99%         1
 Magic Dart               Conj           0%         1d3       99%         1
 Searing Ray              Conj           0%         2d4       100%        2
 Confusing Touch          Hex            0%         N/A       100%        3
 Hailstorm                Conj/Ice       0%         3d5       100%        3
 Summon Ice Beast         Ice/Summ       0%         N/A       100%        3
 Tukima's Dance           Hex            0%         N/A       100%        3
 Dispel Undead            Necr           0%         3d6       100%        4
 Fulminant Prism          Conj/Alch      0%         3d5       100%        4
 Passage of Golubria      Tloc           0%         N/A       100%        4
 Yara's Violent Unravell  Hex/Alch       0%         3d3       100%        5
 Sculpt Simulacrum        Ice/Alch       0%         N/A       100%        6


Dungeon Overview and Level Annotations

Branches:
Dungeon (8/15)             Temple (1/1) D:5
   Lair: D:8-11

Altars:
Ashenzari
Cheibriados
Dithmenos
Elyvilon
Fedhas
Gozag
Hepliaklqana
Kikubaaqudgha
Makhleb
Nemelex Xobeh
Okawaru
Qazlal
Ru
Sif Muna
Trog
Uskayaw
Vehumet
Xom
Yredelemnul
Zin
The Shining One

Annotations:
D:5 2 runed translucent doors, Tripartite's ghost, novice OpSu
D:6 2 transporters, jimmypageman's ghost, novice GrFi


Innate Abilities, Weirdness & Mutations

You cannot be hasted, slowed, berserked, paralysed or teleported.
You can dig through walls and to a lower floor.
You have a pair of large antennae on your head. (SInv)
Your four strong arms can wield two-handed weapons with a shield.


Message History

The killer bee barely misses you. The killer bee closely misses you.
You barely miss the killer bee.
The killer bee is heavily wounded.
The killer bee closely misses you. You block the killer bee's attack.
You slice the killer bee!!
You kill the killer bee!
Makhleb accepts your kill.
You feel better. The killer bee closely misses you.
The killer bee barely misses you.
You miss the killer bee. The killer bee barely misses you.
The killer bee stings you.
* * * LOW HITPOINT WARNING * * *
You are poisoned.
The killer bee poisons you!
You slash the killer bee!
The killer bee is moderately wounded.
* * * LOW HITPOINT WARNING * * *
You feel very sick.
The killer bee stings you but does no damage.
The killer bee barely misses you.
You miss the killer bee.
The killer bee is moderately wounded.
* * * LOW HITPOINT WARNING * * *
You feel sick. You block the killer bee's attack.
The killer bee stings you but does no damage.
You miss the killer bee.
The killer bee is moderately wounded.
You feel sick.
The killer bee stings you but does no damage. x2
You block the killer bee's attack.
You closely miss the killer bee.
The killer bee is moderately wounded.
You feel sick. The killer bee barely misses you. The killer bee stings you.
* * * LOW HITPOINT WARNING * * *
You are more poisoned.
The killer bee poisons you!
You slice the killer bee!!
You kill the killer bee!
Makhleb accepts your kill.
You die...

### ###
#.##########.#
#............#
#.##########.#
######.# #.#
#.<....###### #.#
########.....####.#
+..[..††@..#
#.....######
#....., #.....
#..... ######,


There were no monsters in sight!

Vanquished Creatures
  A gargoyle (D:6)
  A yak (D:5)
  2 vampire mosquitoes (D:7)
  Duvessa (D:6)
  2 ice beasts (D:5)
  A sky beast (D:6)
  A phantom (D:5)
  A gnoll sergeant (D:7)
  Blork the orc (D:6)
  A bullfrog (D:6)
  2 scorpions
  3 wights (D:6)
  Dowan (D:6)
  15 killer bees
  A howler monkey (D:5)
  9 hounds
  4 jellies
  A bombardier beetle (D:7)
  3 gnoll boudas
  5 orc priests
  A sleepcap (D:5)
  5 iguanas
  7 orc wizards
  17 gnolls (D:7)
  11 adders
  A white imp (D:6)
  2 ufetubi
  2 ribbon worms
  19 orcs
  3 ball pythons
  5 bats
  8 endoplasms
  3 giant cockroaches
  10 goblins
  4 hobgoblins
  2 quokkas
  2 frilled lizards (D:1)
  9 kobolds
  5 rats
172 creatures vanquished.

Notes
Turn   | Place    | Note
-------+----------+-------------------------------------------
     0 | D:1      | imdaedric the Formicid Fighter began the quest for the Orb.
     0 | D:1      | Reached XP level 1. HP: 18/18 MP: 1/1
    75 | D:1      | Reached XP level 2. HP: 24/24 MP: 2/2
   301 | D:1      | Reached XP level 3. HP: 25/26 MP: 3/3
  1007 | D:2      | Found a faded altar of an unknown god.
  1210 | D:2      | Reached XP level 4. HP: 34/37 MP: 4/4
  1398 | D:3      | Reached XP level 5. HP: 9/42 MP: 5/5
  1402 | D:3      | Reached skill level 5 in Shields
  1706 | D:3      | Found a hazy altar of Hepliaklqana.
  1715 | D:3      | Found a radiant altar of Vehumet.
  2159 | D:4      | Reached XP level 6. HP: 44/49 MP: 6/6
  2803 | D:4      | Found a shimmering altar of Xom.
  2805 | D:4      | Found a stormy altar of Qazlal.
  2818 | D:4      | Found a snail-covered altar of Cheibriados.
  2821 | D:4      | Found a bloodstained altar of Trog.
  2822 | D:4      | Found a shimmering blue altar of Sif Muna.
  2828 | D:4      | Found a sparkling altar of Nemelex Xobeh.
  2829 | D:4      | Found a glowing golden altar of the Shining One.
  2956 | D:5      | Entered Level 5 of the Dungeon
  2989 | D:5      | Reached skill level 5 in Fighting
  2989 | D:5      | Reached skill level 6 in Shields
  2989 | D:5      | Reached XP level 7. HP: 52/56 MP: 7/7
  3011 | D:5      | Found a staircase to the Ecumenical Temple.
  3044 | D:5      | Reached skill level 5 in Armour
  3048 | D:5      | Found a runed translucent door.
  3050 | Temple   | Entered the Ecumenical Temple
  3075 | Temple   | Became a worshipper of Makhleb the Destroyer
  3121 | D:5      | Noticed Tripartite's ghost (novice OpSu)
  3161 | D:5      | Found a runed translucent door.
  3573 | D:5      | Reached XP level 8. HP: 63/63 MP: 8/8
  3737 | D:5      | Reached skill level 7 in Shields
  3754 | D:5      | Noticed a yak
  3772 | D:5      | Killed a yak
  3773 | D:5      | Reached skill level 5 in Polearms
  5012 | D:5      | Reached skill level 8 in Shields
  5012 | D:5      | Reached XP level 9. HP: 9/71 MP: 9/9
  5017 | D:5      | HP: 3/71 [killer bee (7)]
  5278 | D:6      | Reached * piety under Makhleb
  5514 | D:6      | Found a glowing silver altar of Zin.
  5674 | D:6      | Noticed a gargoyle
  5693 | D:6      | Noticed Blork the orc
  5701 | D:6      | Killed Blork the orc
  5750 | D:6      | Noticed Duvessa
  5751 | D:6      | Noticed Dowan
  5762 | D:6      | Killed Duvessa
  5788 | D:6      | Killed Dowan
  5789 | D:6      | Reached skill level 9 in Shields
  5895 | D:6      | Found a transporter.
  5901 | D:6      | Found a transporter.
  5928 | D:6      | Identified the +4 spear of the Nexus {venom, rC+ rN+ SInv}
  5928 | D:6      | Identified the +0 scale mail of the Komodo Dragon {Regen+}
  6194 | D:6      | Killed a gargoyle
  6319 | D:6      | Noticed jimmypageman's ghost (novice GrFi)
  6516 | D:7      | Reached ** piety under Makhleb
  6532 | D:7      | Reached XP level 10. HP: 76/80 MP: 10/10
  7328 | D:8      | Reached skill level 10 in Shields
  7408 | D:8      | HP: 1/82 [killer bee (7)]
  7418 | D:8      | HP: 4/82 [poisoned by a killer bee]
  7418 | D:8      | HP: 1/82 [killer bee (3)]
  7419 | D:8      | Succumbed to a killer bee's poison

Illustrated notes

Levels and vault maps discovered:
D:1:      kennysheep_arrival_seaside, layout_rooms,
          nicolae_concentric_dashed_squares_wild, minmay_pentomino_z2
D:2:      layout_loops_cross, shapermc_ecumenical_altar_mp_ritualfount
D:3:      layout_basic, mainiacjoe_overflow_catwalk_spiral,
          dreamdust_mushroom_princess, minmay_misc_feat_tiny,
          amcnicky_mini_rare_corridor_liquid, kennysheep_decorative_pillar
D:4:      layout_basic, nicolae_overflow_hallway_of_the_gods
D:5:      layout_basic, minmay_temple_entry_statues, ebering_ghost_sewer_f,
          nzn_random_ring
D:6:      minmay_clustersquares, layout_layer_cave, zin_treasury,
          gammafunk_ghost_gnarly_gnolls, uniq_blork_the_orc, uniq_duvessa
D:7:      layout_basic
D:8:      layout_basic
Temple:   chequers_temple_sunken

Skill      XL: |  1  2  3  4  5  6  7  8  9 10 |
---------------+-------------------------------+-----
Fighting       | 4 5 6 7 8 |  8.5
Armour         | 4 5 6 7 8 |  8.4
Shields        | 5 6 8 9 10 | 10.2
Polearms       | 3 4 5 6 7 |  7.4

Action                     |  1- 3 |  4- 6 |  7- 9 | 10-12 || total
---------------------------+-------+-------+-------+-------++-------
  Melee: Trident           |   105 |   154 |   380 |       ||   639
         Halberd           |       |       |    16 |   161 ||   177
    Use: Scroll            |       |    10 |     6 |     3 ||    19
         Potion            |       |       |     4 |     2 ||     6
 Armour: Scale mail        |    56 |    88 |       |       ||   144
         Plate armour      |       |       |   222 |   102 ||   324
  Dodge: Dodged            |    33 |    81 |   217 |   112 ||   443
  Block: Buckler           |    15 |    34 |   121 |    65 ||   235
